 Dungeon Crawl Stone Soup version 0.22.0-38-g04b72b8 (webtiles) character file.

499 Lew the Chopper (level 7, -4/61 HPs)
             Began as a Hill Orc Fighter on Aug 28, 2018.
             Slain by a gnoll
             ... wielding a +0 halberd
              (6 damage)
             ... on level 7 of the Dungeon.
             The game lasted 00:07:20 (4256 turns).

Lew the Chopper (Hill Orc Fighter)                  Turns: 4256, Time: 00:07:20

Health: -4/61      AC:  9    Str: 19    XL:     7   Next: 16%
Magic:  7/7        EV:  6    Int:  8    God:
Gold:   267        SH: 11    Dex: 12    Spells: 6/6 levels left

rFire    . . .     SeeInvis .   a - +0 war axe
rCold    . . .     Gourm    .   c - +1 shield
rNeg     . . .     Faith    .   g - +0 chain mail
rPois    .         Spirit   .   (no helmet)
rElec    .         Reflect  +   (no cloak)
rCorr    .         Harm     .   e - +0 pair of gloves
MR       +....     Rnd*Tele +   (no boots)
Stlth    ..........             s - +2 amulet of reflection
HPRegen  0.20/turn              b - +2 ring of evasion
MPRegen  0.10/turn              o - ring of teleportation (curse)

@: starving, heavily drained
A: blink, magic resistance 1
a: Blink


You were on level 7 of the Dungeon.
You were starving.

You visited 1 branch of the dungeon, and saw 5 of its levels.

You collected 267 gold pieces.

Inventory:

Hand Weapons
 a - a +0 war axe (weapon)
 h - a +2 dagger of speed
Armour
 c - a +1 shield (worn)
 e - a +0 pair of gloves (worn)
 g - a +0 chain mail (worn)
Jewellery
 b - a +2 ring of evasion (left hand)
 m - an uncursed ring of stealth
 o - a cursed ring of teleportation (right hand)
 r - a +5 ring of dexterity {unknown}
 s - a +2 amulet of reflection (around neck)
Wands
 p - a wand of random effects (12)
Scrolls
 j - a scroll of teleportation
 k - 4 scrolls of identify
 l - a scroll of remove curse {unknown}
 t - a scroll of fog
Potions
 d - a potion of might
 i - 2 potions of heal wounds
 n - a potion of agility
 q - a potion of flight
 u - a potion of curing {unknown}
Comestibles
 f - 12 rations


   Skills:
 + Level 5.4(2.7) Fighting
 * Level 6.5(3.7) Axes
 + Level 4.8(2.2) Armour
 + Level 4.8(2.2) Shields


You had 6 spell levels left.
You didn't know any spells.
Your spell library was empty.

Dungeon Overview and Level Annotations

Branches:
Dungeon (4/15)
 Temple: D:4-7

Altars:
Gozag
Vehumet
Xom
Zin


Innate Abilities, Weirdness & Mutations

You can translocate small distances at will.
You are resistant to hostile enchantments. (MR+)


Message History

The bullfrog is almost dead.
You block the bullfrog's attack.
The bullfrog hits you but does no damage.
The gnoll hits you but does no damage.
Your shield and chain mail prevent you from hitting the bullfrog.
The bullfrog is almost dead.
The bullfrog hits you but does no damage. x2
The gnoll hits you but does no damage. The bullfrog hits you.
* * * LOW HITPOINT WARNING * * *
You barely miss the bullfrog.
The bullfrog is almost dead.
A gnoll comes into view. It is wielding a flail.
You block the bullfrog's attack. The gnoll barely misses you.
The bullfrog hits you but does no damage.
Your shield and chain mail prevent you from hitting the bullfrog.
The bullfrog is almost dead.
The gnoll shouts!
You hear a shout!
You block the bullfrog's attack.
The gnoll hits you from afar with a halberd.
You die...

######.##.##.#...####........#
#.#.....#..........##....
#.#..######..####..##.###
#.#.......)(....#..##.#
#.#.....)..............
#.#.#..#(##.(...#..##.#
#.#.##.#K.......#..##.#
#.#.##.#F##.....#..##.#
####.#.##.#@##.#...#..##o###
#.........#)##.#...#.....){#
#.........#g##.#......##.#K#
####.........#gg.........##
#)# #..'.........####.##.###.#
#o# #.##.........# #.# ... .#
#K# #.#.....#.##.# #. ... .
.K# #.#.......##.# ..##### #..
#)#####......# .?... .o.


You could see a bullfrog, 3 gnolls and a kobold.

Vanquished Creatures
  A big kobold (D:7)
  A bullfrog (D:7)
  A hound (D:7)
  Jessica (D:3)
  2 bullfrog skeletons (D:4)
  2 iguanas
  2 orc wizards
  A worker ant (D:4)
  2 adders
  An ooze (D:1)
  An adder skeleton (D:7)
  A dart slug (D:3)
  5 leopard geckos
  19 orcs
  3 giant cockroaches
  6 goblins
  2 hobgoblins
  12 jackals
  5 kobolds
  2 quokkas (D:2)
  A ball python (D:3)
  4 frilled lizards
  A quokka skeleton (D:4)
  11 rats
87 creatures vanquished.

Vanquished Creatures (others)
  5 dream sheep (D:3)
5 creatures vanquished.

Grand Total: 92 creatures vanquished

Notes
Turn   | Place    | Note
-------+----------+-------------------------------------------
     0 | D:1      | Lew the Hill Orc Fighter began the quest for the Orb.
     0 | D:1      | Reached XP level 1. HP: 19/19 MP: 1/1
   613 | D:1      | Reached XP level 2. HP: 27/27 MP: 2/2
   707 | D:1      | Reached skill level 3 in Axes
   843 | D:1      | Reached XP level 3. HP: 33/33 MP: 3/3
  1556 | D:2      | Found an opulent altar of Gozag.
  1918 | D:3      | Reached XP level 4. HP: 38/40 MP: 4/4
  1970 | D:3      | Reached skill level 4 in Axes
  2120 | D:3      | Found a glowing silver altar of Zin.
  2183 | D:3      | Found a radiant altar of Vehumet.
  2273 | D:3      | Noticed Jessica
  2286 | D:3      | Killed Jessica
  2286 | D:3      | Reached XP level 5. HP: 43/47 MP: 5/5
  2325 | D:3      | Gained mutation: You are resistant to hostile enchantments. (MR+) [potion of mutation]
  2325 | D:3      | Gained mutation: You can translocate small distances at will. [potion of mutation]
  2491 | D:3      | Found a shimmering altar of Xom.
  2491 | D:3      | Noticed a dream sheep
  2491 | D:3      | Noticed a dream sheep
  2491 | D:3      | Noticed a dream sheep
  2491 | D:3      | Noticed a dream sheep
  2491 | D:3      | Noticed a dream sheep
  2495 | D:3      | Killed a dream sheep
  2495 | D:3      | Killed a dream sheep
  2496 | D:3      | Killed a dream sheep
  2497 | D:3      | Killed a dream sheep
  2498 | D:3      | Killed a dream sheep
  2787 | D:4      | Reached skill level 5 in Axes
  3240 | D:4      | Reached XP level 6. HP: 55/55 MP: 6/6
  3755 | D:4      | You fall through a shaft for 3 floors!
  3769 | D:7      | Reached skill level 5 in Fighting
  4010 | D:7      | Reached skill level 6 in Axes
  4125 | D:7      | Reached XP level 7. HP: 9/61 MP: 7/7
  4254 | D:7      | HP: 1/61 [bullfrog (6)]
  4256 | D:7      | Slain by a gnoll

Skill      XL: |  1  2  3  4  5  6 |
---------------+-------------------+-----
Axes           | 3 4 5 6 |  6.5
Fighting       | 4 5 |  5.4
Armour         | 4 |  4.8
Shields        | 4 |  4.8

Action                   |  1- 3 |  4- 6 |  7- 9 || total
-------------------------+-------+-------+-------++-------
Melee: Dagger            |   152 |   374 |    29 ||   555
       War axe           |    12 |       |    22 ||    34
  Use: Potion            |     3 |     3 |       ||     6
       Scroll            |       |     5 |       ||     5
  Eat: Chunk             |     3 |     6 |       ||     9
Armor: Chain mail        |    52 |    99 |    35 ||   186
       Scale mail        |     1 |       |       ||     1
Dodge: Dodged            |    22 |    55 |    25 ||   102
Block: Shield            |    46 |   138 |    54 ||   238
       Reflection        |       |     4 |     2 ||     6
